| TOP OF THE 1ST |
|
Miami Marlins batting - Pitching for Colorado Rockies : RHP Iehohs Inatho
|
|
Pitching: RHP Iehohs Inatho
|
|
|
Batting: RHB Matt Thompson
|
0-0: Called Strike 0-1: Called Strike 0-2: Strikes out looking
|
|
Batting: RHB Bert Clark
|
0-0: Ball 1-0: Ball 2-0: Ball 3-0: Called Strike 3-1: Called Strike 3-2: Base on Balls
|
|
Batting: LHB Andre Gorter
|
0-0: Ball 1-0: Swinging Strike 1-1: Ball 2-1: Foul Ball, location: 2F 2-2: Foul Ball, location: 2F 2-2: Strikes out looking
|
|
Batting: RHB Jimmy Groseclose
|
0-0: Called Strike 0-1: Swinging Strike 0-2: Foul Ball, location: 2F 0-2: Ball 1-2: Ball 2-2: Ground out 6-3 (Groundball, 6S, EV 88.1 MPH)
|
| Top of the 1st over - 0 runs, 0 hits, 0 errors, 1 left on base; Miami 0 - Colorado 0 |
| BOTTOM OF THE 1ST |
|
Colorado Rockies batting - Pitching for Miami Marlins : RHP Tim Barnett
|
|
Pitching: RHP Tim Barnett
|
|
|
Batting: RHB Juan Figueroa
|
0-0: Ball 1-0: Fly out, F9 (Flyball, 89D, EV 104.4 MPH)
|
|
Batting: RHB Eduardo Camacho
|
0-0: Called Strike 0-1: Ball 1-1: Swinging Strike 1-2: Ground out 4-3 (Groundball, 4S, EV 76.9 MPH)
|
|
Batting: SHB Chris Besselman
|
0-0: Ball 1-0: Ball 2-0: Called Strike 2-1: Foul Ball, location: 2F 2-2: DOUBLE (Line Drive, 89XD, EV 102.5 MPH)
|
|
Batting: RHB Maurice Moore
|
0-0: Ball 1-0: Ground out 4-3 (Groundball, 4S, EV 69.4 MPH)
|
| Bottom of the 1st over - 0 runs, 1 hit, 0 errors, 1 left on base; Miami 0 - Colorado 0 |
| TOP OF THE 2ND |
|
Miami Marlins batting - Pitching for Colorado Rockies : RHP Iehohs Inatho
|
|
Batting: RHB Tony Stedman
|
0-0: Called Strike 0-1: Ball 1-1: Called Strike 1-2: Strikes out swinging
|
|
Batting: RHB Mike Gar
|
0-0: Called Strike 0-1: Ball 1-1: Ball 2-1: Swinging Strike 2-2: SINGLE (Flyball, 89M, EV 95.6 MPH)
|
|
Batting: RHB Steve Barnard
|
0-0: Foul Ball, location: 2F 0-1: Ball 1-1: Ball 2-1: Grounds into double play, 4-6-3 (Groundball, 4, EV 105.6 MPH)
|
| Top of the 2nd over - 0 runs, 1 hit, 0 errors, 0 left on base; Miami 0 - Colorado 0 |
| BOTTOM OF THE 2ND |
|
Colorado Rockies batting - Pitching for Miami Marlins : RHP Tim Barnett
|
|
Batting: LHB Luke Coulter
|
0-0: Foul Ball, location: 2F 0-1: Ball 1-1: Swinging Strike 1-2: Strikes out swinging
|
|
Batting: RHB John Boyer
|
0-0: Called Strike 0-1: DOUBLE (Line Drive, 9LM, EV 96.2 MPH)
|
|
Batting: RHB Justin Williams
|
0-0: Ball 1-0: Ball 2-0: Called Strike 2-1: Foul Ball, location: 2F 2-2: Foul Ball, location: 2F 2-2: Fly out, F9 (Flyball, 9LM, EV 86.2 MPH)
|
|
Batting: RHB Matviy Oliynyk
|
0-0: Ball 1-0: Ball 2-0: Called Strike 2-1: Ball 3-1: Called Strike 3-2: Foul Ball, location: 2F 3-2: Foul Ball, location: 2F 3-2: Strikes out swinging
|
| Bottom of the 2nd over - 0 runs, 1 hit, 0 errors, 1 left on base; Miami 0 - Colorado 0 |
| TOP OF THE 3RD |
|
Miami Marlins batting - Pitching for Colorado Rockies : RHP Iehohs Inatho
|
|
Batting: RHB Alberto Cotto
|
0-0: Ball 1-0: Ball 2-0: Ball 3-0: Base on Balls
|
|
Batting: RHB Willie Chavez
|
0-0: Ball 1-0: Called Strike 1-1: Ball 2-1: Foul Ball, location: 2F 2-2: Grounds into double play, 6-4-3 (Groundball, 6, EV 90.6 MPH)
|
|
Batting: RHB Matt Thompson
|
0-0: Foul Ball, location: 2F 0-1: Ball 1-1: Called Strike 1-2: Foul Ball, location: 2F 1-2: Strikes out swinging
|
| Top of the 3rd over - 0 runs, 0 hits, 0 errors, 0 left on base; Miami 0 - Colorado 0 |
| BOTTOM OF THE 3RD |
|
Colorado Rockies batting - Pitching for Miami Marlins : RHP Tim Barnett
|
|
Batting: LHB Iehohs Inatho
|
0-0: Ball 1-0: Ball 2-0: Foul Ball, location: 2F 2-1: Ball 3-1: Called Strike 3-2: Fly out, F9 (Line Drive, 89M, EV 93.1 MPH)
|
|
Batting: RHB Juan Figueroa
|
0-0: Ground out 5-3 (Groundball, 56S, EV 68.8 MPH)
|
|
Batting: RHB Eduardo Camacho
|
0-0: Ground out U3 (Groundball, 3, EV 101.2 MPH)
|
| Bottom of the 3rd over - 0 runs, 0 hits, 0 errors, 0 left on base; Miami 0 - Colorado 0 |
| TOP OF THE 4TH |
|
Miami Marlins batting - Pitching for Colorado Rockies : RHP Iehohs Inatho
|
|
Pitching: RHP Sean Parks
|
|
|
Batting: RHB Bert Clark
|
0-0: Called Strike 0-1: Ball 1-1: Called Strike 1-2: Ball 2-2: Strikes out swinging
|
|
Batting: LHB Andre Gorter
|
0-0: Called Strike 0-1: Foul Ball, location: 2F 0-2: Foul Ball, location: 2F 0-2: SINGLE (Line Drive, 3D, EV 95.0 MPH)
|
|
Batting: RHB Jimmy Groseclose
|
0-0: Called Strike 0-1: Ball 1-1: Swinging Strike 1-2: Ground out 4-3 (Groundball, 34S, EV 91.9 MPH) Andre Gorter to second
|
|
Batting: RHB Tony Stedman
|
0-0: Ball 1-0: Foul Ball, location: 2F 1-1: Foul Ball, location: 2F 1-2: Strikes out swinging, 2-3 out at first.
|
| Top of the 4th over - 0 runs, 1 hit, 0 errors, 1 left on base; Miami 0 - Colorado 0 |
| BOTTOM OF THE 4TH |
|
Colorado Rockies batting - Pitching for Miami Marlins : RHP Tim Barnett
|
|
Batting: SHB Chris Besselman
|
0-0: Foul Ball, location: 2F 0-1: Called Strike 0-2: Strikes out looking
|
|
Batting: RHB Maurice Moore
|
0-0: Ball 1-0: Foul Ball, location: 2F 1-1: Ball 2-1: Foul Ball, location: 2F 2-2: Foul Ball, location: 2F 2-2: Strikes out looking
|
|
Batting: LHB Luke Coulter
|
0-0: Foul Ball, location: 2F 0-1: Ground out 5-3 (Groundball, 56, EV 89.4 MPH)
|
| Bottom of the 4th over - 0 runs, 0 hits, 0 errors, 0 left on base; Miami 0 - Colorado 0 |
| TOP OF THE 5TH |
|
Miami Marlins batting - Pitching for Colorado Rockies : RHP Sean Parks
|
|
Pitching: RHP Mitch Guerrero
|
|
|
Now at C: Cesar Breceda
|
|
|
Now in LF: Bi-jun Chien
|
|
|
Now in CF: Shawn Morrison
|
|
|
Batting: RHB Mike Gar
|
0-0: Ball 1-0: Called Strike 1-1: Foul Ball, location: 2F 1-2: Strikes out swinging, 2-3 out at first.
|
|
Batting: RHB Steve Barnard
|
0-0: Ball 1-0: Foul Ball, location: 2F 1-1: Foul Ball, location: 2F 1-2: Ball 2-2: Strikes out swinging
|
|
Batting: RHB Alberto Cotto
|
0-0: Ball 1-0: Ball 2-0: Ball 3-0: Called Strike 3-1: Swinging Strike 3-2: Base on Balls
|
|
Batting: RHB Willie Chavez
|
0-0: Ball 1-0: Foul Ball, location: 2F 1-1: Foul Ball, location: 2F 1-2: Foul Ball, location: 2F 1-2: Strikes out swinging
|
| Top of the 5th over - 0 runs, 0 hits, 0 errors, 1 left on base; Miami 0 - Colorado 0 |
| BOTTOM OF THE 5TH |
|
Colorado Rockies batting - Pitching for Miami Marlins : RHP Tim Barnett
|
|
Now at C: Jordan Barragan
|
|
|
Now at 1B: Alberto Cotto
|
|
|
Now at 2B: Ramon Martinez
|
|
|
Now at SS: Rafael Irizarry
|
|
|
Now in CF: Jose Bregaro
|
|
|
Batting: RHB John Boyer
|
0-0: Ball 1-0: Foul Ball, location: 2F 1-1: Ball 2-1: Ground out 1-3 (Groundball, 13S, EV 68.8 MPH)
|
|
Batting: RHB Justin Williams
|
0-0: Called Strike 0-1: Swinging Strike 0-2: Ball 1-2: Ball 2-2: Foul Ball, location: 2F 2-2: Foul Ball, location: 2F 2-2: Strikes out swinging
|
|
Batting: RHB Matviy Oliynyk
|
0-0: Called Strike 0-1: Ball 1-1: Foul Ball, location: 2F 1-2: Strikes out swinging
|
| Bottom of the 5th over - 0 runs, 0 hits, 0 errors, 0 left on base; Miami 0 - Colorado 0 |
| TOP OF THE 6TH |
|
Miami Marlins batting - Pitching for Colorado Rockies : RHP Mitch Guerrero
|
|
Pitching: RHP Tony Campos
|
|
|
Now at 3B: Andy Vivas
|
|
|
Now in RF: Andy Bowman
|
|
|
Batting: LHB Jose Bregaro
|
0-0: Ground out U3 (Groundball, 3, EV 88.1 MPH)
|
|
Pinch Hitting: LHB Adam Durgin
|
0-0: Fly out, F9 (Flyball, 89M, EV 95.0 MPH)
|
|
Batting: SHB Ramon Martinez
|
0-0: Foul Ball, location: 2F 0-1: Foul Ball, location: 2F 0-2: Strikes out swinging
|
| Top of the 6th over - 0 runs, 0 hits, 0 errors, 0 left on base; Miami 0 - Colorado 0 |
| BOTTOM OF THE 6TH |
|
Colorado Rockies batting - Pitching for Miami Marlins : RHP Tim Barnett
|
|
Pitching: RHP Jorge Lopez
|
|
|
Now at 1B: Adam McGurn
|
|
|
Now at 3B: Masumitsu Sugiura
|
|
|
Now in LF: Adam Durgin
|
|
|
Now in CF: Harrie de Kam
|
|
|
Now in RF: Jose Bregaro
|
|
|
Batting: LHB Iehohs Inatho
|
0-0: Foul Ball, location: 2F 0-1: Called Strike 0-2: Ground out U3 (Groundball, 34, EV 78.8 MPH)
|
|
Batting: RHB Cesar Breceda
|
0-0: SOLO HOME RUN (Flyball, 78XD, EV 111.2 MPH), Distance : 442 ft
|
|
Batting: LHB Shawn Morrison
|
0-0: Fly out, F9 (Flyball, 9D, EV 85.6 MPH)
|
|
Batting: LHB Bi-jun Chien
|
0-0: Foul Ball, location: 2F 0-1: Ball 1-1: Foul Ball, location: 2F 1-2: Foul Ball, location: 2F 1-2: Ball 2-2: Ball 3-2: Base on Balls
|
|
Pinch Hitting: RHB Ryan Rinaldi
|
0-0: Ball 1-0: Ball Bi-jun Chien steals 2nd base 2-0: Ball 3-0: Called Strike 3-1: Ground out 6-3 (Groundball, 6M, EV 86.2 MPH)
|
| Bottom of the 6th over - 1 run, 1 hit, 0 errors, 1 left on base; Miami 0 - Colorado 1 |
| TOP OF THE 7TH |
|
Miami Marlins batting - Pitching for Colorado Rockies : RHP Tony Campos
|
|
Pitching: RHP Vas Karamyshev
|
|
|
Now at 1B: Eddie Quinones
|
|
|
Now at 2B: Andy Vivas
|
|
|
Now at 3B: Justin Williams
|
|
|
Now at SS: Jon Munoz
|
|
|
Batting: RHB Adam McGurn
|
0-0: Called Strike 0-1: Foul Ball, location: 2F 0-2: Ball 1-2: Foul Ball, location: 2F 1-2: Ball 2-2: Ball 3-2: Foul Ball, location: 2F 3-2: Fly out, F7 (Flyball, 7D, EV 100.0 MPH)
|
|
Batting: SHB Jordan Barragan
|
0-0: Called Strike 0-1: Ball 1-1: Ball 2-1: Ball 3-1: Swinging Strike 3-2: Strikes out swinging
|
|
Pinch Hitting: LHB David Doge
|
0-0: Ball 1-0: Ball 2-0: Ball 3-0: Called Strike 3-1: Base on Balls
|
|
Pitching: RHP Vince Scripp
|
|
|
Batting: RHB Roger Salazar
|
0-0: Swinging Strike 0-1: Called Strike 0-2: Ball 1-2: Ball 2-2: Strikes out swinging
|
| Top of the 7th over - 0 runs, 0 hits, 0 errors, 1 left on base; Miami 0 - Colorado 1 |
| BOTTOM OF THE 7TH |
|
Colorado Rockies batting - Pitching for Miami Marlins : RHP Jorge Lopez
|
|
Pitching: LHP Cody Coward
|
|
|
Now at SS: Orlando Landa
|
|
|
Batting: SHB Eddie Quinones
|
0-0: Ball 1-0: Called Strike 1-1: Ball 2-1: Foul Ball, location: 2F 2-2: Strikes out swinging
|
|
Batting: LHB Andy Bowman
|
0-0: Ball 1-0: Fly out, F6 (Popup, 6MD, EV 47.5 MPH)
|
|
Pinch Hitting: RHB Kevin Tangeman
|
0-0: Fly out, F9 (Flyball, 89S, EV 93.1 MPH)
|
| Bottom of the 7th over - 0 runs, 0 hits, 0 errors, 0 left on base; Miami 0 - Colorado 1 |
| TOP OF THE 8TH |
|
Miami Marlins batting - Pitching for Colorado Rockies : RHP Vince Scripp
|
|
Now at 3B: Kevin Tangeman
|
|
|
Batting: RHB Masumitsu Sugiura
|
0-0: Ball 1-0: Ball 2-0: Ground out 5-3 (Groundball, 56, EV 86.2 MPH)
|
|
Pinch Hitting: LHB Eric Bailey
|
0-0: Ground out U3 (Groundball, 3, EV 105.0 MPH)
|
|
Batting: LHB Jose Bregaro
|
0-0: Ground out 4-3 (Groundball, 4, EV 88.1 MPH)
|
| Top of the 8th over - 0 runs, 0 hits, 0 errors, 0 left on base; Miami 0 - Colorado 1 |
| BOTTOM OF THE 8TH |
|
Colorado Rockies batting - Pitching for Miami Marlins : LHP Cody Coward
|
|
Pitching: RHP Tim Poist
|
|
|
Now in LF: Eric Bailey
|
|
|
Now in CF: Jose Bregaro
|
|
|
Now in RF: Adam Durgin
|
|
|
Batting: SHB Andy Vivas
|
0-0: Ball 1-0: Ball 2-0: Ball 3-0: Fly out, F7 (Flyball, 7D, EV 73.8 MPH)
|
|
Batting: LHB Freddy Troncoso
|
0-0: Called Strike 0-1: Ball 1-1: Foul Ball, location: 2F 1-2: Ball 2-2: Ball 3-2: Foul Ball, location: 2F 3-2: Base on Balls
|
|
Batting: RHB Cesar Breceda
|
0-0: Ball Freddy Troncoso steals 2nd base 1-0: Called Strike Freddy Troncoso steals 3rd base 1-1: Called Strike 1-2: Strikes out swinging
|
|
Batting: LHB Shawn Morrison
|
0-0: Ball 1-0: Swinging Strike 1-1: Ball 2-1: Foul Ball, location: 2F 2-2: Foul Ball, location: 2F 2-2: Ball 3-2: Foul Ball, location: 2F 3-2: Base on Balls
|
|
Batting: LHB Bi-jun Chien
|
0-0: Foul Ball, location: 2F 0-1: Called Strike 0-2: Foul Ball, location: 2F 0-2: Ball 1-2: Foul Ball, location: 2F 1-2: Ball 2-2: Ball 3-2: Foul Ball, location: 2F 3-2: SINGLE (Line Drive, 56D, EV 97.5 MPH) Freddy Troncoso scores Shawn Morrison to second Shawn Morrison to third
|
|
Pitching: LHP Nick Gore
|
|
|
Batting: SHB Jon Munoz
|
0-0: Ball 1-0: Ball 2-0: Ball 3-0: Foul Ball, location: 2F 3-1: Fly out, F7 (Flyball, 7LS, EV 92.5 MPH)
|
| Bottom of the 8th over - 1 run, 1 hit, 0 errors, 2 left on base; Miami 0 - Colorado 2 |
| TOP OF THE 9TH |
|
Miami Marlins batting - Pitching for Colorado Rockies : RHP Vince Scripp
|
|
Pitching: LHP Bill Ogren
|
|
|
Batting: LHB Adam Durgin
|
0-0: Ball 1-0: Called Strike 1-1: Foul Ball, location: 2F 1-2: Ball 2-2: Foul Ball, location: 2F 2-2: Foul Ball, location: 2F 2-2: Ball 3-2: Strikes out looking
|
|
Pinch Hitting: RHB Isaiah Brockman
|
0-0: Fly out, F2 (Popup, 15S, EV 80.6 MPH)
|
|
Batting: RHB Adam McGurn
|
0-0: Ball 1-0: Foul Ball, location: 2F 1-1: Foul Ball, location: 2F 1-2: Ground out 4-3 (Groundball, 4M, EV 82.5 MPH)
|
| Top of the 9th over - 0 runs, 0 hits, 0 errors, 0 left on base; Miami 0 - Colorado 2 |
|